 Dungeon Crawl Stone Soup version 0.23.2-40-g277498a001 (webtiles) character file.

Game seed: 12066971842680875992

77459 Hylith the Earth Mage (level 15, -5/100 HPs)
             Began as a Gargoyle Earth Elementalist on Sept 5, 2019.
             Was a High Priest of Vehumet.
             Slain by an enormous slime creature (67 damage)
             ... on level 14 of the Dungeon.
             The game lasted 01:38:50 (29422 turns).

Hylith the Earth Mage (GrEE)                       Turns: 29422, Time: 01:38:51

Health: -5/100     AC: 24    Str: 19    XL:     15   Next: 56%
Magic:  18/31      EV: 12    Int: 21    God:    Vehumet [*****.]
Gold:   1875       SH: 10    Dex: 13    Spells: 14/38 levels left

rFire    + . .     SeeInvis +   G - +10 long sword of Mutilation {venom, +Rage rF+ SInv}
rCold    + . .     Gourm    .   g - +2 buckler
rNeg     + . .     Faith    .   h - +2 robe of the Heavens {rCorr Str+6 Slay+3}
rPois    ∞         Spirit   .   Y - +2 hat of the Enchanted Forest {+Inv Dex+3}
rElec    +         Reflect  +   n - +2 cloak
rCorr    +         Harm     .   V - +0 pair of gloves
MR       ++...                  u - +2 pair of boots {run}
Stlth    ++........             e - +3 amulet of reflection
HPRegen  0.26/turn              W - ring of protection from cold
MPRegen  0.22/turn              f - ring of protection from magic

@: studying Unarmed Combat, quick
A: big wings, negative energy resistance 1, electricity resistance, unbreathing,
petrification resistance, rot immunity, AC +11
a: Fly, Renounce Religion, Evoke Berserk Rage, Evoke Invisibility


You were on level 14 of the Dungeon.
You worshipped Vehumet.
Vehumet was extremely pleased with you.
You were near starving.

You visited 3 branches of the dungeon, and saw 22 of its levels.

You collected 2269 gold pieces.
You spent 394 gold pieces at shops.

Inventory:

Hand Weapons
 G - the +10 long sword of Mutilation (weapon) {venom, +Rage rF+ SInv}
   (You found it on level 7 of the Dungeon)

   It poisons the flesh of those it strikes.
   It protects you from fire.
   It lets you see invisible.
   It lets you go berserk.
 H - a +3 morningstar
 J - a +3 whip
Missiles
 b - 498 stones (quivered)
 N - 3 throwing nets
Armour
 g - a +2 buckler (worn)
 h - the +2 robe of the Heavens (worn) {rCorr Str+6 Slay+3}
   (You found it on level 9 of the Dungeon)

   It affects your strength (+6).
   It affects your accuracy and damage with ranged weapons and melee attacks
   (+3).
   It provides partial protection from all sources of acid and corrosion.
 n - a +2 cloak (worn)
 u - a +2 pair of boots of running (worn)
 V - a +0 pair of gloves (worn)
 Y - the +2 hat of the Enchanted Forest (worn) {+Inv Dex+3}
   (You found it on level 1 of the Lair of Beasts)

   It affects your dexterity (+3).
   It lets you turn invisible.
Jewellery
 e - a +3 amulet of reflection (around neck)
 f - a ring of protection from magic (right hand)
 p - a +2 ring of dexterity
 S - an uncursed amulet of regeneration
 W - a ring of protection from cold (left hand)
Wands
 a - a wand of iceblast (21)
 l - a wand of polymorph (15)
 C - a wand of scattershot (5)
 L - a wand of flame (104)
 P - a wand of enslavement (17)
 Q - a wand of clouds (3)
 R - a wand of acid (14)
 Z - a wand of disintegration (12)
Scrolls
 i - 19 scrolls of teleportation
 j - 2 scrolls of noise
 x - 2 scrolls of fear
 y - 9 scrolls of remove curse
 z - 2 scrolls of blinking
 D - 3 scrolls of enchant armour
 E - 4 scrolls of fog
 F - 2 scrolls of immolation
 K - 4 scrolls of enchant weapon
 M - 2 scrolls of vulnerability
Potions
 c - 4 potions of heal wounds
 k - a potion of lignification
 m - 2 potions of berserk rage
 o - 7 potions of curing
 r - a potion of cancellation
 s - a potion of agility
 t - 6 potions of mutation
 w - a potion of resistance
 A - a potion of haste
 B - 6 potions of might
 I - 3 potions of magic
 O - a potion of invisibility
Books
 X - a manual of Unarmed Combat
Comestibles
 d - 28 rations


   Skills:
 + Level 14.0 Fighting
 + Level 3.0 Long Blades
 - Level 2.0 Dodging
 - Level 2.1 Stealth
 - Level 4.0 Shields
 + Level 12.3 Spellcasting
 - Level 10.0 Conjurations
 - Level 6.0 Summonings
 - Level 2.0 Translocations
   Level 0.7 Transmutations
 - Level 5.0 Air Magic
 + Level 15.6 Earth Magic
 - Level 4.1 Evocations


You had 14 spell levels left.
You knew the following spells:

 Your Spells              Type           Power        Failure   Level  Hunger
a - Sandblast             Erth           ######       0%          1    None
b - Blink                 Tloc           N/A          3%          2    None
c - Mephitic Cloud        Conj/Pois/Air  ####....     1%          3    None
d - Lee's Rapid Deconstr  Erth           ######....   1%          5    ####...
e - Iron Shot             Conj/Erth      ######....   1%          6    #####..
l - Summon Lightning Spi  Summ/Air       #####...     5%          4    None
s - Stone Arrow           Conj/Erth      ######       1%          3    None

Your spell library contained the following spells:

 Spells                   Type           Power        Failure   Level  Hunger
 Flame Tongue             Conj/Fire      ####.        1%          1    None
 Magic Dart               Conj           ####         1%          1    None
 Summon Small Mammal      Summ           ####         1%          1    None
 Call Imp                 Summ           #####...     1%          2    None
 Passwall                 Tmut/Erth      #####...     1%          2    None
 Throw Flame              Conj/Fire      ####..       1%          2    None
 Call Canine Familiar     Summ           #####...     1%          3    None
 Conjure Flame            Conj/Fire      ####....     1%          3    None
 Petrify                  Tmut/Erth      #####...     1%          4    None
 Sticky Flame             Conj/Fire      ####....     1%          4    None
 Poisonous Vapours        Pois/Air       ###...       2%          2    None
 Confusing Touch          Hex            ##....       4%          1    None
 Inner Flame              Hex/Fire       ##......     4%          3    None
 Summon Guardian Golem    Hex/Summ       ####....     4%          3    None
 Fireball                 Conj/Fire      ####......   5%          5    ####...
 Gell's Gravitas          Tloc           ###.......   7%          3    None
 Slow                     Hex            ##......     8%          2    None
 Summon Ice Beast         Ice/Summ       ####....     14%         4    None
 Confuse                  Hex            ##......     16%         3    None
 Freezing Cloud           Conj/Ice/Air   ####......   24%         6    #####..
 Yara's Violent Unravell  Hex/Tmut       ##........   30%         5    ####...
 Metabolic Englaciation   Hex/Ice        ##........   80%         5    ####...
 Ring of Flames           Chrm/Fire      ##........   100%        7    #######


Dungeon Overview and Level Annotations

Branches:
Dungeon (14/15)            Temple (0/1) D:6            Lair (6/6) D:11
  Swamp (0/4) Lair:3       Spider (0/4) Lair:2        Slime (0/5) Lair:5
    Orc (2/2) D:9             Elf (0/3) Orc:2        Vaults (0/5) D:13

Altars:
Dithmenos
Gozag
Hepliaklqana
Qazlal
Sif Muna
Trog
Vehumet
Wu Jian
Xom
Yredelemnul
Zin
The Shining One
Beogh
Jiyva

Shops:
D:4 ?:   D:7 [   D:13 *   Orc:1 :   Orc:2 }?[?

Annotations:
D:13 2 transporters, NeAGen181's ghost, journeyman HOFi


Innate Abilities, Weirdness & Mutations

You are resistant to torment.
Your stone body is resilient. (AC +11)
You are immune to poison.
Your large and strong wings let you fly indefinitely.
You resist negative energy. (rN+)
You are resistant to electric shocks. (rElec)
You can survive without breathing.
You are immune to petrification.
You are immune to rotting.


Message History

The enormous slime creature is heavily wounded.
Casting: Stone Arrow (safe; 1% risk of failure)
Confirm with . or Enter, or press ? or * to list all spells.
Aiming: Stone Arrow (safe; 1% risk of failure)
Press: ? - help, Shift-Dir - straight line, f/p - enormous slime creature
Aim: an enormous slime creature (heavily wounded, poisoned)
The stone arrow hits the enormous slime creature!
The enormous slime creature is severely wounded.
Casting: Stone Arrow (safe; 1% risk of failure)
Confirm with . or Enter, or press ? or * to list all spells.
Aiming: Stone Arrow (safe; 1% risk of failure)
Press: ? - help, Shift-Dir - straight line, f/p - enormous slime creature
Aim: an enormous slime creature (severely wounded, poisoned)
The stone arrow hits the enormous slime creature!!
The enormous slime creature is severely wounded.
You hear the faint crackling of a very distant melting archway.
You are near starving!
The enormous slime creature hits you!!!
Ouch! That really hurt!
You die...

#.# #.# ##### #.#
...### #.#
#.#.######.#### #
####..............
#.##........###...###
#...(......###..>..##
####@####.## ##...###
###J# ### ##.## #
#..Y# #.# #...# #.#
#..># #+# ##.##
#.#### #.
#.##.######.
#.........Y.


You could see an enormous slime creature and an ice beast.

Vanquished Creatures
  Gastronok (Lair:2)
  An orc warlord (Orc:2)
  Snorg (Lair:4)
  2 fire dragons
  10 hydras
  Erica (Lair:1)
  5 two-headed ogres
  A catoblepas (Lair:4)
  5 death yaks
  2 orc high priests (Orc:2)
  Urug (Orc:2)
  Sonja (Lair:4)
  The ghost of FishyPogo the Changer, a novice DrTm of Vehumet (D:8)
  2 unseen horrors
  A deep troll (D:13)
  2 lindwurms (Lair:6)
  4 orc sorcerers
  2 orc knights
  The ghost of Exodus22XD the Destroyer, a novice DEWz of Sif Muna (Lair:1)
  2 ugly things
  An oklob plant (Lair:5)
  A manticore (D:11)
  3 elephants (Lair:6)
  2 torpor snails (Lair:4)
  15 spiny frogs
  2 gargoyles (D:13)
  4 centaur skeletons
  10 rime drakes
  6 komodo dragons
  A freezing wraith (D:14)
  A tengu conjurer (D:13)
  2 trolls
  A queen bee (D:8)
  A merfolk (D:10)
  4 hornets
  8 blink frogs
  5 tyrant leeches
  Grinder (D:6)
  4 polar bears
  9 dream sheep
  12 hippogriffs
  6 slime creatures (D:13)
  A meliai zombie (D:13)
  A shadow (D:13)
  12 spriggans
  A wraith (D:12)
  31 yaks
  3 wyverns
  3 hungry ghosts
  2 basilisks
  The ghost of BreadTh the Firebug, an amateur DgFE (D:5)
  9 steam dragons (Lair:6)
  A catoblepas simulacrum (Lair:1)
  Menkaure (D:6)
  5 swamp worms (Lair:4)
  2 wargs (Orc:2)
  13 water moccasins
  A soldier ant (D:13)
  8 porcupines
  2 sky beasts
  34 orc warriors
  5 black bears
  2 ice beasts
  7 boggarts
  12 ogres
  A phantom (D:5)
  2 necrophages
  3 centaurs
  14 wolves
  12 crocodiles
  2 big kobolds
  Blork the orc (D:3)
  2 gnoll sergeants (D:5)
  12 bullfrogs
  2 spiny frog simulacra (Lair:1)
  A wyvern skeleton (D:9)
  5 scorpions
  23 killer bees
  A dream sheep simulacrum (Lair:1)
  6 wights
  3 howler monkeys
  An electric eel (Lair:6)
  3 centaur zombies
  6 crimson imps
  A komodo dragon simulacrum (Lair:1)
  A bullfrog zombie (D:13)
  5 jellies
  A gnoll shaman (D:5)
  21 orc priests
  A bullfrog skeleton (D:12)
  4 hounds
  23 orc wizards
  Jessica (D:2)
  3 iguanas
  10 worker ants
  A bullfrog simulacrum (Lair:1)
  A hound skeleton (D:7)
  2 worker ant zombies
  10 adders
  11 gnolls
  A crocodile simulacrum (Lair:1)
  4 shadow imps
  7 oozes
  2 adder zombies (D:8)
  An adder skeleton (D:3)
  7 worms
  9 leopard geckos
  102 orcs
  7 ball pythons
  9 giant cockroaches
  3 hobgoblins
  10 jackals
  3 quokkas
  8 bats
  2 frilled lizards
  10 goblins
  18 kobolds
  2 quokka skeletons
  8 rats
  A spectral orc (D:3)
  A fungus (Lair:4)
713 creatures vanquished.

Vanquished Creatures (collateral kills)
  A hydra (Lair:5)
  A water moccasin (Lair:6)
  A black bear (Lair:6)
  A killer bee (D:12)
4 creatures vanquished.

Vanquished Creatures (others)
  A cyclops (Orc:2)
  A centaur (D:6)
  18 fungi
  26 plants
46 creatures vanquished.

Grand Total: 763 creatures vanquished

Notes
Turn   | Place    | Note
-------+----------+-------------------------------------------
     0 | D:1      | Hylith the Gargoyle Earth Elementalist began the quest for
                  | the Orb.
     0 | D:1      | Reached XP level 1. HP: 10/10 MP: 3/3
   134 | D:1      | Reached XP level 2. HP: 15/15 MP: 5/5
   150 | D:1      | Reached skill level 4 in Earth Magic
  1005 | D:1      | Reached XP level 3. HP: 19/19 MP: 6/6
  1011 | D:1      | Learned a level 3 spell: Stone Arrow
  1434 | D:2      | Reached skill level 1 in Fighting
  1705 | D:2      | Noticed Jessica
  1825 | D:2      | Reached XP level 4. HP: 23/25 MP: 6/8
  1828 | D:2      | Killed Jessica
  1925 | D:2      | Found a glowing golden altar of the Shining One.
  2409 | D:3      | Reached XP level 5. HP: 21/30 MP: 9/9
  2557 | D:3      | Noticed Blork the orc
  2748 | D:3      | Reached skill level 5 in Earth Magic
  2815 | D:3      | Found a radiant altar of Vehumet.
  2834 | D:3      | Became a worshipper of Vehumet
  2863 | D:3      | Found a bloodstained altar of Trog.
  3164 | D:3      | Found a basalt altar of Yredelemnul.
  3439 | D:4      | Reached XP level 6. HP: 23/36 MP: 11/11
  3767 | D:4      | Found Woimir's Book Shop.
  4296 | D:4      | Found Qyca's Magic Scroll Shoppe.
  4302 | D:4      | Bought a scroll of blinking for 82 gold pieces
  4411 | D:5      | Entered Level 5 of the Dungeon
  4565 | D:5      | Noticed a phantom
  4573 | D:5      | Killed a phantom
  4573 | D:5      | Reached skill level 1 in Conjurations
  4617 | D:5      | Noticed an ice beast
  4618 | D:5      | Found a shadowy altar of Dithmenos.
  4618 | D:5      | Found a glowing silver altar of Zin.
  4639 | D:5      | Killed an ice beast
  4639 | D:5      | Reached skill level 6 in Earth Magic
  4639 | D:5      | Reached XP level 7. HP: 37/42 MP: 7/13
  4709 | D:5      | You fall through a shaft for 2 floors!
  4740 | D:7      | Noticed a hippogriff
  4758 | D:7      | Killed a hippogriff
  5135 | D:5      | Reached XP level 8. HP: 35/48 MP: 15/15
  5440 | D:5      | Found a transporter.
  5440 | D:5      | Found a transporter.
  5613 | D:5      | Reached skill level 7 in Earth Magic
  5614 | D:5      | Found a stormy altar of Qazlal.
  5680 | D:5      | Reached * piety under Vehumet
  5680 | D:5      | Offered knowledge of Magic Dart by Vehumet.
  5683 | D:5      | Reached skill level 5 in Fighting
  5683 | D:5      | Reached skill level 5 in Spellcasting
  5704 | D:5      | Learned a level 5 spell: Lee's Rapid Deconstruction
  6188 | D:5      | Noticed BreadTh's ghost (amateur DgFE)
  6434 | D:6      | Noticed Grinder
  6509 | D:6      | Killed Grinder
  6509 | D:6      | Reached skill level 8 in Earth Magic
  6509 | D:6      | Reached XP level 9. HP: 53/55 MP: 7/17
  6528 | D:6      | Noticed Menkaure
  6666 | D:5      | Reached skill level 5 in Conjurations
  6675 | D:6      | Killed Menkaure
  6797 | D:6      | Found a staircase to the Ecumenical Temple.
  6879 | D:6      | Found an ornate altar of the Wu Jian Council.
  6904 | D:6      | Found an opulent altar of Gozag.
  7336 | D:7      | Learned a level 4 spell: Summon Lightning Spire
  7447 | D:7      | Got an ichor-stained long sword
  7448 | D:7      | Identified the +10 long sword of Mutilation {venom, +Rage
                  | rF+ SInv} (You found it on level 7 of the Dungeon)
  7606 | D:7      | Found Haucuejo's Armour Emporium.
  7655 | D:7      | Offered knowledge of Throw Frost by Vehumet.
  7794 | D:7      | Reached skill level 1 in Summonings
  7794 | D:7      | Reached skill level 1 in Air Magic
  7840 | D:7      | Reached ** piety under Vehumet
  8134 | D:8      | Noticed a hornet
  8142 | D:8      | Killed a hornet
  8142 | D:8      | Reached skill level 9 in Earth Magic
  8165 | D:8      | Reached XP level 10. HP: 56/63 MP: 19/19
  8590 | D:8      | Found a transporter.
  8594 | D:8      | Found a transporter.
  8595 | D:8      | Noticed FishyPogo's ghost (novice DrTm)
  8602 | D:8      | Noticed a two-headed ogre
  8621 | D:8      | Killed a two-headed ogre
  8621 | D:8      | Offered knowledge of Inner Flame by Vehumet.
  9099 | D:9      | Noticed a two-headed ogre
  9125 | D:9      | Killed a two-headed ogre
  9131 | D:9      | Reached *** piety under Vehumet
  9164 | D:9      | Noticed a two-headed ogre
  9170 | D:9      | Killed a two-headed ogre
  9181 | D:9      | Found a staircase to the Orcish Mines.
  9189 | D:9      | Reached skill level 10 in Earth Magic
  9240 | D:9      | Offered knowledge of Static Discharge by Vehumet.
  9715 | D:9      | Reached XP level 11. HP: 57/69 MP: 18/22
  9740 | D:9      | Found a shimmering altar of Xom.
 10038 | D:9      | Got a distressingly furry robe
 10049 | D:9      | Identified the +2 robe of the Heavens {rCorr Str+6 Slay+3}
                  | (You found it on level 9 of the Dungeon)
 10324 | D:10     | Entered Level 10 of the Dungeon
 10350 | D:10     | Reached **** piety under Vehumet
 10482 | D:10     | Noticed a two-headed ogre
 10493 | D:10     | Killed a two-headed ogre
 10701 | D:10     | Noticed an unseen horror
 10708 | D:10     | Killed an unseen horror
 10708 | D:10     | Reached skill level 1 in Long Blades
 10929 | D:10     | Offered knowledge of Fireball by Vehumet.
 11015 | D:10     | HP: 3/69 [orc warrior/+0 trident (2)]
 11344 | D:9      | Found a hazy altar of Hepliaklqana.
 11688 | D:11     | Noticed a purple ugly thing
 11694 | D:11     | Killed a purple ugly thing
 11968 | D:11     | Noticed a manticore
 11978 | D:11     | Killed a manticore
 12374 | D:11     | Found a staircase to the Lair.
 12628 | D:11     | Reached skill level 1 in Evocations
 12739 | Lair:1   | Entered Level 1 of the Lair of Beasts
 12851 | D:11     | Reached XP level 12. HP: 57/76 MP: 7/24
 12939 | Lair:1   | Reached skill level 11 in Earth Magic
 13066 | Lair:1   | Noticed Exodus22XD's ghost (novice DEWz)
 13090 | Lair:1   | Found a runed translucent gate.
 13090 | Lair:1   | Found a runed translucent gate.
 13090 | Lair:1   | Found a runed translucent gate.
 13258 | Lair:1   | Noticed Erica
 13271 | Lair:1   | Killed Erica
 13734 | Lair:1   | Reached skill level 5 in Summonings
 14140 | D:3      | Killed Blork the orc
 14144 | D:3      | Found a deep blue altar of Sif Muna.
 14316 | D:5      | Killed BreadTh's ghost
 14529 | D:8      | Reached ***** piety under Vehumet
 14604 | D:8      | Killed FishyPogo's ghost
 14604 | D:8      | Reached skill level 1 in Shields
 14604 | D:8      | Reached skill level 5 in Air Magic
 14827 | Lair:1   | Offered knowledge of Sticky Flame by Vehumet.
 15010 | Lair:1   | Killed Exodus22XD's ghost
 15460 | Lair:1   | Got the ring "Usaroargh" {Fire}
 15463 | Lair:1   | Got a faintly humming hat
 15466 | Lair:1   | Identified the ring "Usaroargh" {Fire +Inv Int+3 Dex-2}
                  | (You found it on level 1 of the Lair of Beasts)
 15470 | Lair:1   | Got a smoking chain mail
 15481 | Lair:1   | Identified the +2 chain mail "Watun" {rN++ MR- rCorr} (You
                  | found it on level 1 of the Lair of Beasts)
 15501 | Lair:1   | Identified the +2 hat of the Enchanted Forest {+Inv Dex+3}
                  | (You found it on level 1 of the Lair of Beasts)
 15561 | Lair:2   | Reached skill level 10 in Fighting
 15967 | D:4      | Bought a book of Minor Magic for 200 gold pieces
 15970 | D:4      | Learned a level 2 spell: Blink
 15974 | D:4      | Learned a level 3 spell: Mephitic Cloud
 16168 | Lair:2   | Found a hole to the Spider Nest.
 16525 | Lair:2   | Noticed Gastronok
 16572 | Lair:2   | Killed Gastronok
 17036 | Lair:3   | Reached skill level 12 in Earth Magic
 17036 | Lair:3   | Reached XP level 13. HP: 54/83 MP: 26/26
 18190 | Lair:3   | Found a staircase to the Swamp.
 18319 | Lair:2   | Reached skill level 1 in Translocations
 18892 | Lair:4   | Noticed Snorg
 18925 | Lair:4   | Killed Snorg
 19195 | Lair:4   | Noticed Sonja
 19212 | Lair:4   | Killed Sonja
 19628 | Lair:4   | Reached skill level 10 in Spellcasting
 20870 | Lair:5   | Found a staircase to the Slime Pits.
 20871 | Lair:5   | Found a viscous altar of Jiyva.
 21003 | Lair:5   | Reached skill level 13 in Earth Magic
 21034 | Lair:5   | Reached skill level 10 in Conjurations
 21425 | Lair:5   | Gained mutation: Your large and strong wings let you fly
                  | indefinitely. [Gargoyle growth]
 21425 | Lair:5   | Reached XP level 14. HP: 64/91 MP: 25/28
 22083 | Lair:6   | Entered Level 6 of the Lair of Beasts
 22278 | Lair:6   | Offered knowledge of Force Lance by Vehumet.
 22933 | Lair:6   | Reached skill level 14 in Earth Magic
 24177 | Lair:6   | Offered knowledge of Bolt of Magma by Vehumet.
 24956 | Orc:1    | Entered Level 1 of the Orcish Mines
 25287 | Lair:4   | Identified a +2 pair of boots of running (You found it on
                  | level 4 of the Lair of Beasts)
 25439 | Orc:1    | You fall through a shaft!
 25439 | Orc:2    | Entered Level 2 of the Orcish Mines
 25698 | Orc:2    | Reached XP level 15. HP: 48/98 MP: 23/30
 25709 | Orc:2    | Found a staircase to the Elven Halls.
 25967 | Orc:2    | Found a roughly hewn altar of Beogh.
 25971 | Orc:2    | Found Vepiotu's Magic Scroll Shop.
 26099 | Orc:1    | Offered knowledge of Lightning Bolt by Vehumet.
 26109 | Orc:1    | Found Unlimuaps's Book Shoppe.
 26353 | Orc:1    | Found a roughly hewn altar of Beogh.
 26751 | Orc:2    | Reached skill level 15 in Earth Magic
 26885 | Orc:2    | Noticed an orc warlord
 26913 | Orc:2    | Killed an orc warlord
 27034 | Orc:2    | Found Amo Hisch's Antique Armour Shoppe.
 27034 | Orc:2    | Found a roughly hewn altar of Beogh.
 27040 | Orc:2    | Found Epabyje's Antique Weapon Emporium.
 27086 | Orc:2    | Found a roughly hewn altar of Beogh.
 27136 | Orc:2    | Found Obeheo's Magic Scroll Shop.
 27141 | Orc:2    | Bought a scroll of enchant armour for 112 gold pieces
 27152 | Orc:2    | Noticed Urug
 27164 | Orc:2    | Killed Urug
 27249 | Orc:2    | Found a roughly hewn altar of Beogh.
 27274 | Orc:2    | Found Inor Ceasis's Gadget Emporium.
 27347 | Orc:2    | Found a roughly hewn altar of Beogh.
 28263 | D:13     | Offered knowledge of Iron Shot by Vehumet.
 28687 | D:13     | Found a transporter.
 28764 | D:13     | Noticed NeAGen181's ghost (journeyman HOFi)
 28776 | D:13     | Found a transporter.
 28916 | D:13     | Found Atot's Demolitions Depot.
 29107 | D:13     | Found a gate to the Vaults.
 29279 | D:14     | Learned a level 6 spell: Iron Shot
 29422 | D:14     | Slain by an enormous slime creature

Skill      XL: |  1  2  3  4  5  6  7  8  9 10 11 12 13 14 15 |
---------------+----------------------------------------------+-----
Earth Magic    | 4 5 6 8 9 10 12 13 14 15 | 15.6
Dodging        | 2 |  2.0
Fighting       | 1 2 3 4 5 7 8 9 10 11 13 14 | 14.0
Spellcasting   | 3 4 5 6 7 8 9 10 11 12 | 12.3
Conjurations   | 1 3 4 6 7 8 10 | 10.0
Summonings     | 2 3 4 5 6 |  6.0
Air Magic      | 2 3 4 5 |  5.0
Long Blades    | 2 3 |  3.0
Evocations     | 1 4 |  4.1
Shields        | 3 4 |  4.0
Translocations | 2 |  2.0
Stealth        | |  2.1
Transmutations | |  0.7

Action                   |  1- 3 |  4- 6 |  7- 9 | 10-12 | 13-15 || total
-------------------------+-------+-------+-------+-------+-------++-------
Melee: Unarmed           |    22 |       |       |       |       ||    22
       Short sword       |    16 |       |       |       |       ||    16
       Dagger            |    95 |   238 |   331 |       |       ||   664
       Whip              |     5 |       |       |       |       ||     5
       Long sword        |       |       |    39 |   353 |   746 ||  1138
Throw: Stone             |       |       |       |       |     1 ||     1
 Cast: Sandblast         |    10 |    25 |    46 |    39 |    29 ||   149
       Stone Arrow       |       |       |    22 |    70 |   214 ||   306
       Lee's Rapid Decon |       |       |     2 |    32 |    56 ||    90
       Blink             |       |       |       |     2 |     9 ||    11
       Mephitic Cloud    |       |       |       |       |    32 ||    32
       Summon Lightning  |       |       |       |       |     4 ||     4
Evoke: Wand              |       |       |       |       |     4 ||     4
  Use: Scroll            |     2 |     6 |     3 |     7 |    10 ||    28
 Stab: Sleeping          |     4 |     4 |     2 |     3 |     2 ||    15
       Distracted        |       |       |       |       |     5 ||     5
       Confused          |       |       |       |       |    16 ||    16
  Eat: Chunk             |     2 |     8 |    12 |    36 |    36 ||    94
       Ration            |       |     1 |       |     2 |     4 ||     7
Armor: Robe              |    45 |    90 |   162 |   194 |   447 ||   938
Dodge: Dodged            |   136 |   133 |   225 |   249 |   413 ||  1156
Block: Other             |     5 |    25 |    48 |    67 |     5 ||   150
       Reflection        |       |       |     3 |     3 |    18 ||    24
       Buckler           |       |       |       |       |   460 ||   460
       Rpst.: Long sword |       |       |    13 |    84 |   103 ||   200
